Cogmind - Beta 17 @@@ ROGUE MODE // 2026.08.15 @ 23:56:03 Player: Boatmurdered Result: Destroyed by Y-45 Defender with Heavy Assault Rifle Performance ------------- Evolutions (0) 0 Regions Visited (2) 400 Robots Destroyed (47) 235 Value Destroyed (977) 977 Prototype IDs (0) 0 Alien Tech Used (0) 0 Bonus (0) 0 TOTAL SCORE: 1612 Bonus ------- None Cogmind --------- Core Integrity 0/250 Matter 235/300 Energy 170/170 System Corruption 0% Temperature Cool (27) Movement Treading (240) Ox1 Location -10/Subcaves Parts ------- > --- POWER (1) -------- Makeshift Power Source > --- PROPULSION (2) --- Light Treads > --- UTILITY (2) ------ Large Storage Unit Makeshift Light Armor Plating > --- WEAPON (2) ------- Subdweller Machine Gun Maul > --- INVENTORY (15) --- Ion Engine Subdweller Optics Seismic Detector Light Armor Plating Light Armor Plating Light Armor Plating Scrap Shield Hacking Suite Makeshift System Shield Subdweller Laser Subdweller Beam Cannon Subdweller Machine Gun Grenade Launcher Mining Laser Peak State ------------ > --- POWER ------------ Makeshift Power Source > --- PROPULSION ------- Light Treads Light Treads > --- UTILITY ---------- Large Storage Unit Makeshift Light Armor Plating > --- WEAPON ----------- Subdweller Machine Gun Subdweller Machine Gun > --- INVENTORY -------- Ion Engine Light Treads Subdweller Optics Seismic Detector Light Armor Plating Light Armor Plating Light Armor Plating Scrap Shield Hacking Suite Makeshift System Shield Subdweller Laser Grenade Launcher Mining Laser Maul [Rating: 17] Favorites ----------- Power Ion Engine Engine Ion Engine Propulsion Light Treads Treads Light Treads Utility Large Storage Unit Device Seismic Detector Storage Large Storage Unit Protection Light Armor Plating Weapon Subdweller Machine Gun Energy Gun Particle Gun Energy Cannon Subdweller Beam Cannon Ballistic Gun Subdweller Machine Gun Launcher Grenade Launcher Special Weapon Mining Laser Impact Weapon Maul Build | -11 -10 -10 ------- Run | Yrd Mat Sub Slots Evolved . | . . . Power . | . . . Propulsion . | . . . Utility . | . . . Weapon . | . . . Parts Attached 32 | 7 12 13 Power 5 | 1 2 2 Engine 5 | 1 2 2 Core . | . . . Reactor . | . . . Propulsion 3 | 2 1 . Treads 3 | 2 1 . Leg . | . . . Wheel . | . . . Hover . | . . . Flight . | . . . Utility 10 | 2 4 4 Device 3 | 1 1 1 Storage 3 | 1 2 . Processor . | . . . Hackware . | . . . Protection 4 | . 1 3 Artifact . | . . . Weapon 14 | 2 5 7 Energy Gun 2 | . 1 1 Energy Cannon 1 | . . 1 Ballistic Gun 8 | 2 3 3 Ballistic Cannon . | . . . Launcher 1 | . . 1 Special Weapon 1 | . 1 . Impact Weapon 1 | . . 1 Slashing Weapon . | . . . Piercing Weapon . | . . . Special Melee Weapon . | . . . Unidentified Prototypes . | . . . Parts Lost 4 | . 1 3 Power 1 | . 1 . Propulsion 2 | . . 2 Utility . | . . . Weapon 1 | . . 1 Highest Loss Streak 1 | . 1 1 To Critical Strikes . | . . . Average Backups 11 | 3 8 14 Power . | . . 1 Propulsion . | . . . Utility 5 | 1 4 7 Weapon 3 | 1 2 4 Tool/Special . | . . . Unused Backups 13 | . 5 8 Power 1 | . . 1 Propulsion . | . . . Utility 8 | . 3 5 Weapon 4 | . 2 2 Tool/Special . | . . . Average Slot Usage (%) 99 | . 99 99 Engine 13 | . 13 14 Treads 27 | . 28 27 Device 9 | . 10 9 Storage 14 | . 14 14 Protection 4 | . 3 4 Energy Gun 4 | . 7 3 Energy Cannon 2 | . . 4 Ballistic Gun 19 | . 20 18 Impact Weapon 1 | . . 1 Peak Build Rating 17 | 8 9 17 Average Rating 10 | 6 8 13 On Entrance 5 | . 8 9 Avg Prop Armor Cover (%) . | . . . Naked Turns . | . . . Heaviest Build 40 | 12 32 40 Greatest Support 40 | 40 40 40 Greatest Overweight (x) 1 | . . 1 Average Overweight (x) . | . . . Largest Inventory Capacity 15 | 8 15 15 Average Capacity 12 | 7 10 15 Most Carried 15 | 6 13 15 Average Carried 11 | 4 8 14 Final Capacity 15 | 8 15 15 Final Carried 15 | 6 12 15 Class Distribution -------------------- 95% | Mutant 4% | Scavenger-Mutant Dominant Class ---------------- Mutant | -10/Materials Mutant | -10/Subcaves Resources | -11 -10 -10 ----------- Run | Yrd Mat Sub Matter Collected 1126 | 370 294 462 Remotely . | . . . Salvage Created 1191 | 232 531 428 Parts 87 | 30 36 21 Haulers Intercepted 2 | . 2 . Recyclers Shooed 3 | . 3 . Parts Field Recycled . | . . . Retrieved Matter . | . . . Parts Self-Destructed 5 | . . 5 Prevented . | . . . Parts Restored . | . . . Kills | -11 -10 -10 ------- Run | Yrd Mat Sub Combat Hostiles Destroyed 29 | . 14 15 Melee 1 | . . 1 Guns 22 | . 14 8 Cannons 2 | . . 2 AOE 2 | . . 2 Classes Destroyed 9 | 3 5 1 Worker 3 | 2 1 . Tunneler 8 | 8 . . Hauler 2 | . 2 . Recycler 1 | 1 . . Operator 1 | . 1 . Watcher 3 | . 3 . Swarmer 10 | . 9 1 Grunt 7 | . 5 2 Subdweller 12 | . . 12 Best Kill Streak 4 | 4 3 2 Combat Bots Only 3 | . 3 2 Max Kills in Single Turn 2 | 1 1 2 Gunslinging . | . . . Exploded 1 | . . 1 Melee 1 | . . 1 Uniques/NPCs Destroyed . | . . . Combat | -11 -10 -10 -------- Run | Yrd Mat Sub Hostile Shots Fired 160 | . 78 82 Missed 40 | . 15 25 Hits 120 | . 63 57 Projectile 120 | . 63 57 AOE 1 | . . 1 Critical Strikes 2 | . 1 1 Damage Taken 1874 | . 686 1188 Core 256 | . 94 162 Absorbed by Shields . | . . . Regen/Repaired (Parts) 276 | . 276 . Core Remaining (%) 100 | 100 . . Volleys Fired 134 | 25 67 42 Largest 2 | 2 2 2 Hottest 125 | 40 100 125 Shots Fired 256 | 50 131 75 Gun 237 | 50 129 58 Cannon 12 | . . 12 Launcher 5 | . . 5 Special 2 | . 2 . Kinetic 198 | 50 105 43 Thermal 53 | . 26 27 Explosive 5 | . . 5 Electromagnetic . | . . . Robot Hit Streak 34 | 14 11 34 Robot Miss Streak 3 | 3 2 1 Penetration Max . | . . . Secondary Targets 3 | . 2 1 Max Gunslinging Chain 1 | . 1 1 Shots Hit Robots 193 | 31 91 71 Core Hits 70 | 13 35 22 Critical Kills 4 | . 2 2 Critical Parts Destroyed 3 | . . 3 Critical Strikes 11 | . 3 8 Burn 1 | . 1 . Meltdown 1 | . . 1 Destroy 5 | . 2 3 Smash 4 | . . 4 Melee Attacks 13 | . . 13 Impact 13 | . . 13 Slashing . | . . . Piercing . | . . . Sneak Attacks . | . . . Combat Hostiles . | . . . Follow-up Attacks . | . . . Damage Inflicted 3259 | 345 976 1938 Guns 2252 | 345 974 933 Cannons 320 | . . 320 Explosions 444 | . . 444 Melee 241 | . . 241 Ramming 2 | . 2 . Kinetic 1679 | 345 671 663 Thermal 893 | . 303 590 Explosive 444 | . . 444 Electromagnetic . | . . . Impact 241 | . . 241 Slashing . | . . . Piercing . | . . . Highest Corruption . | . . . Average Corruption . | . . . Corruption Purged . | . . . Corruption Blocked . | . . . Overload Shots . | . . . Overflow Damage 128 | . . 128 Projectiles . | . . . Explosions . | . . . Melee 128 | . . 128 Knockbacks 2 | . . 2 Impact 2 | . . 2 Kinetic . | . . . Secondary . | . . . Self-Inflicted Damage 11 | . . 11 Shots 1 | . . 1 Rammed 1 | . 1 . Targets Rammed 1 | . 1 . Kicked . | . . . Crushed . | . . . Highest Temperature 136 | . 136 114 Average Temperature 33 | . 34 30 Received Heat Transfer 612 | . 339 273 Siege Activations . | . . . Martial Activations . | . . . Shielding Activations . | . . . Robots Disrupted . | . . . Combat Hostiles . | . . . Robots Corrupted 1 | . . 1 Combat Hostiles 1 | . . 1 Parts Fried . | . . . Impact Corruptions 3 | . . 3 Robots Melted 1 | . . 1 Combat Hostiles 1 | . . 1 Parts Melted 2 | . 1 1 Heat Transferred 1704 | . 814 890 Parts Sabotaged . | . . . Parts Stolen . | . . . Parts Stripped . | . . . Power Chain Reactions . | . . . Alert | -11 -10 -10 ------- Run | Yrd Mat Sub Maximum Alert Level . | . . . Low Security (%) 100 | 100 100 . Level 1 . | . . . Level 2 . | . . . Level 3 . | . . . Level 4 . | . . . Level 5 . | . . . High Security . | . . . Max Security . | . . . Peak Influence 86 | 10 86 . Initial . | . . . Average 20 | 1 24 . Influence Increases 565 | 55 425 85 Destroy 0b10 Robot/C 340 | . 280 60 Destroy 0b10 Robot/NC 90 | 55 35 . Destroy Leader 70 | . 60 10 Successful Hack 48 | . 48 . Destroy Structure 2 | . 2 . Lose Combat Pursuer 15 | . . 15 Influence Decreases 565 | 55 425 85 Time Decay 561 | 55 421 85 Lost Part 4 | . 4 . Squads Dispatched 2 | . 2 . Investigation 1 | . 1 . Extermination . | . . . Reinforcement 1 | . 1 . Assault . | . . . Garrison . | . . . Intercept . | . . . Searches Triggered . | . . . Construction Impeded . | . . . Haulers Reinforced . | . . . Active Scanning Responses . | . . . Cargo Convoy Interrupts . | . . . Stealth | -11 -10 -10 --------- Run | Yrd Mat Sub Distress Signals 3 | . 3 . Communications Jammed . | . . . Distress Signals . | . . . Times Spotted 42 | . 26 16 Peak Tracking Total 6 | . 6 3 Tactical Retreats 1 | . . 1 Traps | -11 -10 -10 ------- Run | Yrd Mat Sub Traps Triggered . | . . . Indirectly . | . . . Trap Hack Attempts . | . . . Triggered . | . . . Disarmed . | . . . Reprogrammed . | . . . Reused . | . . . Traps Extracted . | . . . Installed . | . . . Triggered . | . . . Machines | -11 -10 -10 ---------- Run | Yrd Mat Sub Machines Disabled . | . . . Max in Single Turn . | . . . Machines Repaired . | . . . Machines Dismantled . | . . . Machines Sabotaged . | . . . Overloaded Fab Kills . | . . . Hacking | -11 -10 -10 --------- Run | Yrd Mat Sub Machines Accessed 9 | . 9 . Terminals 6 | . 6 . Fabricators . | . . . Repair Stations 1 | . 1 . Recycling Units 2 | . 2 . Scanalyzers . | . . . Garrison Access . | . . . Total Hacks 42 | . 42 . Successful 29 | . 29 . Failed 13 | . 13 . Catastrophic 1 | . 1 . Database Lockouts . | . . . Manual 31 | . 31 . Terminals 27 | . 27 . Fabricators . | . . . Repair Stations 6 | . 6 . Recycling Units 9 | . 9 . Scanalyzers . | . . . Garrison Access . | . . . Terminal Hacks 5 | . 5 . Robot Analysis 3 | . 3 . Recall Investigation 1 | . 1 . Zone Layout 1 | . 1 . Fabricator Hacks . | . . . Repair Station Hacks 6 | . 6 . Scan Component 3 | . 3 . Repair 3 | . 3 . Recycling Unit Hacks 3 | . 3 . Report Inventory 2 | . 2 . Retrieve Components 1 | . 1 . Scanalyzer . | . . . Garrison Access Hacks . | . . . Unauthorized Hacks 15 | . 15 . Terminals 11 | . 11 . Assimilate 1 | . 1 . Botnet 4 | . 4 . Operators 1 | . 1 . Skim 5 | . 5 . Fabricators . | . . . Repair Stations . | . . . Recycling Units 4 | . 4 . Reject 2 | . 2 . Mask 2 | . 2 . Scanalyzers . | . . . Garrison Access . | . . . Data Cores Recovered . | . . . Used . | . . . Hacking Detections 8 | . 8 . Full Trace Events 1 | . 1 . Feedback Events . | . . . Feedback Blocked . | . . . Robot Schematics Acquired . | . . . Robots Built . | . . . Authchips . | . . . Time . | . . . Total Robot Build Rating . | . . . Part Schematics Acquired . | . . . Parts Built . | . . . Authchips . | . . . Time . | . . . Total Part Build Rating . | . . . Part Studies Acquired . | . . . Parts Repaired 3 | . 3 . Time 78 | . 78 . Parts Recycled . | . . . Recycled Matter . | . . . Retrieved Matter . | . . . Retrieved Components 9 | . 9 . Parts Scanalyzed . | . . . Part Schematics Acquired . | . . . Parts Damaged . | . . . Bothacking | -11 -10 -10 ------------ Run | Yrd Mat Sub Used RIF Installer . | . . . Robots Hacked . | . . . Non-combat . | . . . Combat . | . . . Robot Hacks Applied . | . . . Relay Couplers Released . | . . . Fabnet Peak Effective % . | . . . Robots Rewired . | . . . Allies Hacked . | . . . Hacks Repelled . | . . . Allies | -11 -10 -10 -------- Run | Yrd Mat Sub Total Allies 1 | . 1 . Largest Group 1 | . 1 . Highest-Rated Group 10 | . 10 . Highest-Rated Ally 10 | . 10 . Total Orders 3 | . 3 . STAY 2 | . 2 . FOLLOW 1 | . 1 . Ally Attacks . | . . . Total Damage . | . . . Kills . | . . . Allies Corrupted . | . . . Allies Melted . | . . . Intel | -11 -10 -10 ------- Run | Yrd Mat Sub Active Infowar (turns) 2656 | 71 1086 1499 Seismic 2656 | 71 1086 1499 Robot Analysis Total 3 | . 3 . Derelict Logs Recovered 2 | . . 2 Drone Launches . | . . . Drone Recoveries . | . . . Exploration | -11 -10 -10 ------------- Run | Yrd Mat Sub Turns Passed 4086 | 303 1521 2262 Spaces Moved 1978 | 113 649 1216 Core 3 | 3 . . Treads 1975 | 110 649 1216 Legs . | . . . Wheels . | . . . Hover . | . . . Flight . | . . . Fastest Speed 50 | 50 160 160 Average Speed 160 | 157 160 160 Slowest Speed 240 | 160 160 240 Overloaded Moves . | . . . Propulsion Burnouts . | . . . Robots Hopped . | . . . Potential Cave-ins . | . . . Cave-ins Triggered . | . . . Exploration Rate (%) 60 | 6 94 80 Regions Visited 2 Branch Regions 1 Pre-discovered Areas . | . . . Known Exits Taken . | . . . Unknown Exits Taken 2 | 1 1 . Scrap Searched 2 | . . 2 Spaces Dug 2 | . 2 . Terrain Destroyed 23 | . 2 21 Melee . | . . . Projectile 2 | . 2 . AOE 21 | . . 21 Terrain Rammed . | . . . Walls Destroyed . | . . . Machines Disabled . | . . . Actions | -11 -10 -10 --------- Run | Yrd Mat Sub Total 2625 | 190 1018 1417 Wait 373 | 40 252 81 Move 1976 | 112 648 1216 Hop . | . . . Pick Up 37 | 6 18 13 Fast Attach 7 | 7 . . Attach 3 | . 1 2 Detach . | . . . Swap 54 | . 15 39 Drop 27 | . 16 11 Fire 134 | 25 67 42 Melee 13 | . . 13 Ram . | . . . Kick . | . . . Crush 1 | . 1 . Escape Stasis . | . . . Rewire . | . . . Trap . | . . . Miscellaneous . | . . . Route ------- -11/Scrapyard -10/Materials (discovered 6 exits: [*Mat x3] / [*Min x2] / [*Sub]) -10/Subcaves (discovered 2 exits: *Mat x2) History --------- Turn | Location | Event 32 | -11/Scrapyard | Discovered new exit (range 16) 304 | -11/Scrapyard | Entered Materials 305 | -10/Materials | Build established: Mutant 474 | -10/Materials | Discovered new exit (range 9) 816 | -10/Materials | Discovered new exit (range 10) 879 | -10/Materials | Discovered new exit (range 6) 1144 | -10/Materials | Discovered new exit (range 8) 1493 | -10/Materials | Discovered new exit (range 3) 1495 | -10/Materials | Discovered new exit (range 14) 1532 | -10/Materials | Repaired Lgt. Treads 1560 | -10/Materials | Repaired Lgt. Treads 1587 | -10/Materials | Repaired Lgt. Treads 1825 | -10/Materials | Entered Subcaves 1853 | -10/Subcaves | Identified exit to Materials 1997 | -10/Subcaves | Learned Materials garrison access intel 2083 | -10/Subcaves | Core integrity fell below 50% 2189 | -10/Subcaves | A swath of the cavern ceiling suddenly collapsed 2324 | -10/Subcaves | A swath of the cavern ceiling suddenly collapsed 2501 | -10/Subcaves | Discovered exit to Materials (range 6) 3600 | -10/Subcaves | Core integrity fell below 20% 4087 | -10/Subcaves | Destroyed by Y-45 Defender with Heavy Assault Rifle Last Messages --------------- 03939_ OA-GPA(R) suffers critical hit (Smash). 03939_ Destroyed Disposable Heat Sink. 03939_ OA-GPA(R) system corrupted by crushing effect. 03939_ OA-GPA(R) knocked back. 03944_ OA-GPA(R) suffers critical hit (Smash). 03944_ Destroyed Sub. Monowheel. 03944_ OA-GPA(R) system corrupted by crushing effect. 03945_ OA-GPA(R) system terminally corrupted. 03948_ Subatomizers dissect the Sub. Optics. 03948_ Acquired 2 matter. 03952_ Acquired Corrupted Sub. Beam Cannon. 03961_ Subatomizers dissect the Sub. Optics. 03972_ Acquired 15 matter. 03985_ Subatomizers dissect the Sub. Optics, destroying it. 04084_ Lgt. Treads destroyed. 04087_ Critical hit (Burn: +37). Map ----- +----------------------------------------------------+ | | | | | ??????????????????????????????????????????????? | | ??????????????????????????????????????????????? | | ??????????????????????????????????????????????? | | ??????????????????????????????????????????????? | | ??????????????????????????????????????????????? | | ??????????????????????????????????????????????? | | ??????????????????????????????????????????????? | | ??????????????????????????????????????????????? | | ??????????????????????????????????????????????? | | ??????????????????????????????????????????????? | | ??????????????????????????????????????????????? | | ??????????????????????????????????????????????? | | ??????????????????????????????????????????????? | | ??????????????????????????????????????????????? | | ??????????????????????????????????????????????? | | ??????????????????????????????????????????????? | | ???????????????????????#####??????????????????? | | ???????????????????????? #??????????????????? | | ???????????????????????? #??????????????????? | | ???????????????????????? ##?????????????????? | | ???????????????????????? ##????????????????? | | ????????????????????????# #????????????????? | | ????????????????????????# #????????????????? | | ???????????????????????##@ #????????????????? | | ??????????????????????## ###??????????????? | | ?????????????????????## ##?????????????? | | ???????????????????### #?????????????? | | ???????????????????# ##?????????????? | | ???????????????###?# ### #??????????????? | | ??????????????## #####?# #??????????????? | | ?????????????## ## ###Y### ##??????????????? | | ?????????????# ##??###???????????????? | | ??????????????# ##????????????????????? | | ??????????????# ##???????????????????? | | ??????????????# ##??????????????????? | | ??????????????# ## #####??????????????? | | ?????????????## ### #??????????????? | | ?????????????# ###### #??????????????? | | ?????????????# #???### ###??????????????? | | ?????????????# ## ##?????##????????????????? | | ?????????????# ## ####????????????????????? | | ?????????????# ## ##???????????????????? | | ?????????????# #???????????????????? | | ????????????## ### #??????????????????? | | ???###?###### #??# #??????????????????? | | #?# ### "# #???# #??????????????????? | | ## #?# ##???# ?????????????????? | | #??## #???? ?????????????????? | +----------------------------------------------------+ Best States ------------- Heat Dissipation 25 Energy Generation 15 Energy Capacity 250 Matter Stores 300 Matter Capacity 300 Sight Range 16 Terrain Scan Density 10 Armor Coverage 150 Evasion (%) 40 Recoil Reduction 2 Item Schematics ----------------- None Robot Schematics ------------------ None Fabricated ------------ Nothing Repaired ---------- Lgt. Treads | 7% | -10/Materials Lgt. Treads | 33% | -10/Materials Lgt. Treads | 62% | -10/Materials Studied --------- None Alien Tech Used ----------------- None Achievements -------------- None Challenges ------------ None Game ------ Seed DisassembledBarrageFirepult Manual? 0 Play Time 00:35:32 Cumulative 38.4 hours Start 2026.08.15 @ 17:56:19 End 2026.08.15 @ 23:56:03 Sessions 2 Manual Loads 0 Difficulty Rogue Special Mode None Game No. 23 Rogue 23 Adventurer 0 Explorer 0 Win Type - Total 0 Types 0/0/0/0/0/0/0/0/0/0 Lore% 39 Gallery% 28 Achievement% 31 Wizard Run 0 Options --------- Layout 1 ASCII 0 Keyboard 0 Movement Mouse Keybinds 0 Fullscreen 1 Font 24/Smallcaps Map View 50x35 Zoom Use 0% Tactical HUD 1 Map Filters NONE Filters NONE Steam 1 RUN: 0696a5d0-0f44-4e94-ac0e-c964aa707b45